 Dungeon Crawl Stone Soup version 0.28-a0-1159-g27aa881441 (webtiles) character file.

Game seed: 3756107889729908190

42 spaghetti the Covert (level 3, -4/33 (34) HPs)
             Began as a Naga Delver on Dec 15, 2021.
             Slain by a wight (6 damage)
             ... on level 4 of the Dungeon.
             The game lasted 00:00:36 (361 turns).

spaghetti the Covert (Naga Delver)                   Turns: 361, Time: 00:00:36

HP:   -4/33 (34)    AC:  2    Str: 14    XL:     3   Next: 54%
MP:   3/3           EV:  9    Int: 12    God:
Gold: 24            SH:  0    Dex: 12    Spells: 2/2 levels left

rFire   . . .      SeeInvis +   h - +0 quarterstaff {staff}
rCold   . . .      Faith    .   (shield currently unavailable)
rNeg    . . .      Spirit   .   b - +0 leather armour
rPois   +          Reflect  .   (no helmet)
rElec   .          Harm     .   (no cloak)
rCorr   .          Rampage  .   (no gloves)
Will    .....                   (no barding)
Stlth   ++++......              (no amulet)
HPRegen 0.11/turn               (no ring)
MPRegen 0.08/turn               (no ring)

@: lightly drained, very slow
A: AC +1, large, see invisible, deformed body, poison resistance, slowness 2,
spit poison 1, naga tail 1
a: Spit Poison


You were on level 4 of the Dungeon.
You visited 1 branch of the dungeon, and saw 2 of its levels.

You collected 24 gold pieces.


Innate Abilities, Weirdness & Mutations

Your serpentine skin is tough. (AC +1)
You have supernaturally acute eyesight. (SInv)
Armour fits poorly on your strangely shaped body.
Your system is resistant to poisons. (rPois)
You cover ground very slowly.
You can spit poison.
You have a snake-like lower body.


   Skills:
 - Level 3.0 Fighting
 - Level 2.0 Maces & Flails
 - Level 1.5 Dodging
 + Level 9.0 Stealth


You had 2 spell levels left.
You didn't know any spells.
Your spell library was empty.

Inventory:

Hand Weapons
 a - a +0 mace {mace}
 h - a +0 quarterstaff (weapon) {staff}
   (You found it on level 5 of the Dungeon)
Missiles
 i - 17 stones {throwing}
Armour
 b - a +0 leather armour (worn)
Wands
 g - a wand of digging (3)
Scrolls
 c - a scroll of fog
 d - a scroll of magic mapping {!r}
Potions
 f - a potion of haste {@q3}

Dungeon Overview and Level Annotations

Branches:
Dungeon (5/15)
 Temple: D:4-7

Altars:

Annotations:
D:5 Sigmund

# #######.###
#..........
.#######......#
......†.......+
.......>@.g...#
.######.#.z.....#
#.#.o###..#
#.#.## .# ..... #
###.. ...[ ....


You could see a wight, an orc (fleeing) and a hobgoblin (fleeing).


Message History

You regained 5 hp, and now have 20/28 hp.
Your mp is fully restored (2).
Unknown command.
You have got your breath back. 😮 HP[+1]
You see here a +0 quarterstaff {staff}.
h - a +0 quarterstaff {staff}
h - a +0 quarterstaff (weapon)
{staff} Unknown command.
Unknown command.
There is an open door here.
A jelly comes into view. 😎 HP[+7]
Your hp is fully restored (28).
The helpless jelly fails to defend itself.
You thump the jelly!
Your hands burn!
The jelly hits you.
You are splashed with acid!
* * * LOW HITPOINT WARNING * * *
You are too injured to fight recklessly! 😨 HP[-14]
You take 14 damage, and now have 14/28 hp.
MASSIVE DAMAGE!! (PAUSE)
You hit the jelly.
Your hands burn!
* * * LOW HITPOINT WARNING * * *
The jelly closely misses you. 😨 HP[-4]
You take 4 damage, and now have 10/28 hp.
You hit the jelly.
You kill the jelly!
Your Stealth skill increases to level 8!
You have reached level 3!
Your experience leads to an increase in your attributes!
Increase (S)trength, (I)ntelligence, or (D)exterity?
You feel clever. x2; Your skin feels tougher. 😨 HP[+2] MP[+1]
You now have 34 max hp (+6).
You regained 2 hp, and now have 12/34 hp.
Your mp is fully restored (3).
You start resting. 😎 HP[+22]
Your hp is fully restored (34).
You now have 24 gold pieces (gained 3).
i - 17 stones {throwing}
Found a stone staircase leading up.
There is a stone staircase leading up here.
A phantom comes into view.
Sigmund the Dreaded comes into view.
He is wielding a +0 scythe and wearing a +2 robe of willpower.
Okay, then.
There is a stone staircase leading up here.
You climb upwards.
There is a stone staircase leading down here.
Unknown command.
Unknown command.
Unknown command.
The helpless giant cockroach fails to defend itself.
You hit the giant cockroach. The giant cockroach misses you.
You sock the giant cockroach!
You kill the giant cockroach!
The helpless endoplasm fails to defend itself.
You sock the endoplasm!
You kill the endoplasm!
Your Stealth skill increases to level 9!
The hobgoblin shouts!
The hobgoblin barely misses you.
You closely miss the hobgoblin.
A wight comes into view. It is wielding a +0 trident.
The hobgoblin hits you.
An orc comes into view. It is wielding a +0 dagger. 😕 HP[-3]
You take 3 damage, and now have 31/34 hp.
You hit the hobgoblin but do no damage. The hobgoblin hits you. 😕 HP[-3]
You take 3 damage, and now have 28/34 hp.
You hit the hobgoblin but do no damage. The hobgoblin hits you.
The wight hits you from afar with a +0 trident!
* * * LOW HITPOINT WARNING * * *
You are too injured to fight recklessly! 😨 HP[-13]
You take 13 damage, and now have 15/34 hp.
MASSIVE DAMAGE!! (PAUSE)
The wight barely misses you. The hobgoblin barely misses you.
The orc hits you with a +0 dagger.
* * * LOW HITPOINT WARNING * * *
The wight barely misses you. The orc misses you.
The wight hits you from afar with a +0 trident!
* * * LOW HITPOINT WARNING * * *
You feel drained.
* * * LOW HITPOINT WARNING * * *
😱 HP[-13]
You now have 33 max hp (-1).
You take 13 damage, and now have 2/33 hp.
MASSIVE DAMAGE!! (PAUSE) Unknown command.
Unknown command.
As you read the scroll of fear, it crumbles to dust.
You assume a fearsome visage.
The wight is unaffected.
The orc looks frightened!
The hobgoblin looks frightened!
The wight hits you from afar with a +0 trident.
You die...

Skill      XL: |  1  2  3 |
---------------+----------+-----
Stealth        | 8 9 |  9.0
Fighting       | |  3.0
Maces & Flails | |  2.0
Dodging        | |  1.5

Action                   || total
-------------------------++-------
Melee: Mace              ||     3
       Quarterstaff      ||     9
 Abil: Spit Poison       ||     1
  Use: Scroll            ||     1
 Stab: Sleeping          ||     3
Armor: Leather armour    ||     1
Dodge: Dodged            ||     8

Levels and vault maps discovered:
D:4:      layout_basic, lemuel_doored_altar, minmay_temple_entry_slanted,
          serial_bayou_ford_a, minmay_misc_feat_enclosed, serial_bayou_pond_c,
          chequers_serial_rivers_micro_d, minmay_three_crescents,
          uniq_crazy_yiuf_cottage
D:5:      layout_basic, uniq_grinder, uniq_sigmund

Notes
Turn   | Place    | Note
-------+----------+-------------------------------------------
     0 | D:5      | spaghetti the Naga Delver began the quest for the Orb.
     0 | D:5      | Reached XP level 1. HP: 21/21 MP: 1/1
     0 | D:5      | magus.rc [v1.9.6]
    25 | D:5      | Reached XP level 2. HP: 20/28 MP: 2/2
   125 | D:5      | Reached skill level 8 in Stealth
   125 | D:5      | Reached XP level 3. HP: 12/34 MP: 3/3
   342 | D:5      | Noticed a phantom
   344 | D:5      | Noticed Sigmund
   354 | D:4      | Reached skill level 9 in Stealth
   360 | D:4      | HP: 6/34 [wight (9)]
   360 | D:4      | HP: 2/33 [wight (4)]
   361 | D:4      | Slain by a wight

Vanquished Creatures
  A jelly (D:5)
  An adder (D:5)
  An endoplasm (D:4)
  A giant cockroach (D:4)
4 creatures vanquished.

Table legend:
 A = Non-vault XP
 B = Vault XP
 C = Vault XP percentage of total XP
 D = Non-vault monster count
 E = Vault monster count
 F = Vault count percentage of total count
                 A         B        C        D         E       F
            +---------+---------+-------+---------+---------+-------
      Total |      60 |       0 |   0.0 |       4 |       0 |   0.0
            +---------+---------+-------+---------+---------+-------
        D:4 |       4 |       0 |   0.0 |       2 |       0 |   0.0
        D:5 |      56 |       0 |   0.0 |       2 |       0 |   0.0
            +---------+---------+-------+---------+---------+-------

Illustrated notes

Table legend:
 A = Kills in this place as a percentage of kills in entire the game.
 B = Kills by you in this place as a percentage of kills by you in the entire game.
 C = Kills by friends in this place as a percentage of kills by friends in the entire game.
 D = Other kills in this place as a percentage of other kills in the entire game.
 E = Experience gained in this place as a percentage of experience gained in the entire game.
 F = Experience gained in this place divided by the number of levels of this place that you have seen.
                   A       B       C       D       E      F
               +-------+-------+-------+-------+-------+----------------------
         Total | 100.0 | 100.0 |   N/A |   N/A | 100.0 |  30.0
       Dungeon | 100.0 | 100.0 |   N/A |   N/A | 100.0 |  30.0
               +-------+-------+-------+-------+-------+----------------------

Table legend: (Time is in decaauts)
 A = Elapsed time spent in this place.
 B = Non-inter-level travel time spent in this place.
 C = Inter-level travel time spent in this place.
 D = Time resting spent in this place.
 E = Time spent auto-exploring this place.
 F = Levels seen in this place.
 G = Mean time per level.
                   A        B        C        D        E       F      G
               +--------+--------+--------+--------+--------+-----+--------+
         Total |    394 |    394 |      0 |    194 |    139 |   2 |  197.0 |
       Dungeon |    394 |    394 |      0 |    194 |    139 |   2 |  197.0 |
               +--------+--------+--------+--------+--------+-----+--------+

Top non-repeatable levels by time:
     D:5: 379 daAuts
     D:4: 15 daAuts
